Map: Ruines de Seras

Players

Worming - Winner!

  • Race: Zerg Zerg
  • League: Platinum

HappyProbe

  • Race: Terran Terran
  • League: Silver

VOD

Have the link to the VOD?

Description

Time

  • Played on: Nov. 12, 2015, 11:32 a.m.
  • Length: 11:50
Show
View Real Time Build Order
Export as new Build Order

Worming Zerg - Winner!

Build Orders: Hatch First, Lurkers 

Get SALT Encoding   

  12  0:01  Drone  
  13  0:09  Drone  
  14  0:17  Overlord  
  14  0:35  Drone x3  
  17  0:46  Drone  
  18  0:59  Hatchery  
  17  1:04  Drone  
  18  1:15  Spawning Pool  
  17  1:25  Overlord  
  17  1:26  Drone  
  18  1:33  Drone  
  19  1:46  Drone  
  20  1:56  Drone  
  21  2:04  Queen  
  21  2:05  Zergling x2  
  24  2:12  Queen  
  24  2:13  Zergling x2  
  24  2:15  Drone  
  28  2:24  Drone  
  29  2:33  Drone x2  
  31  2:41  Hatchery  
  30  2:51  Drone  
  31  2:52  Drone x2  
  31  2:54  Overlord  
  33  3:10  Drone x3  
  36  3:14  Extractor x2  
  36  3:17  Queen  
  36  3:18  Queen, Overlord  
  40  3:20  Drone x3  
  40  3:23  Drone x3  
  44  3:39  Drone  
  45  3:44  Drone x4  
  49  3:50  Drone x3  
  49  3:53  Drone x3  
  55  3:59  Metabolic Boost  
  55  4:03  Drone  
  55  4:04  Drone  
  55  4:06  Drone  
  55  4:07  Overlord  
  58  4:15  Overlord x2  
  57  4:19  Lair  
  57  4:21  Roach Warren  
  57  4:22  Extractor  
  54  4:28  Queen x2  
  54  4:30  Zergling x8  
  62  4:48  Extractor  
  61  4:56  Drone x3  
  61  4:57  Drone x3  
  67  5:04  Queen  
  67  5:05  Roach x2  
  67  5:06  Overlord x2  
  67  5:07  Overlord x3  
  73  5:12  Evolution Chamber  
  73  5:13  Evolution Chamber  
  71  5:17  Glial Reconstitution  
  71  5:20  Drone  
  72  5:21  Hydralisk Den  
  72  5:27  Drone x3  
  74  5:28  Drone  
  74  5:29  Drone x3  
  74  5:33  Extractor  
  74  5:35  Extractor  
  76  5:42  Spore Crawler  
  76  5:43  Spore Crawler  
  76  5:44  Overseer  
  76  5:45  Spore Crawler  
  68  6:09  Drone x3  
  68  6:10  Drone  
  72  6:12  Drone x4  
  72  6:13  Overlord x3, Drone x2, Hatchery  
  72  6:15  Zerg Missile Weapons Level 1  
  72  6:16  Lurker Den  
  77  6:19  Drone x2  
  77  6:24  Zerg Ground Armor Level 1  
  79  6:39  Drone  
  80  6:40  Drone x2  
  80  6:41  Drone x6  
  88  6:51  Hydralisk  
  88  6:52  Hydralisk x5  
  100  6:56  Overlord  
  100  6:58  Pneumatized Carapace  
  100  7:12  Overlord  
  95  7:45  Roach x2, Hydralisk x4  
  95  7:46  Roach x4, Hydralisk  
  95  7:50  Drone x2  
  112  8:02  Drone x2  
  112  8:03  Muscular Augments  
  114  8:10  Zergling x2  
  115  8:14  Roach x3  
  120  8:22  Overseer  
  120  8:25  Zerg Missile Weapons Level 2, Zerg Ground Armor Level 2  
  120  8:26  Infestation Pit  
  118  8:37  Tunneling Claws  
  118  8:38  Burrow  
  118  8:40  Drone x3  
  121  8:47  Lurker  
  121  8:48  Lurker x4  
  126  8:49  Overlord x2  
  126  8:50  Zergling x28  
  126  8:51  Zergling x2  
  115  9:23  Roach  
  115  9:24  Roach x9, Hydralisk x8  
  151  9:50  Hydralisk x2  
  151  9:51  Zergling x2, Roach x3  
  151  9:52  Zergling x8  
  165  10:04  Roach x4  
  173  10:10  Hatchery  
  153  10:21  Overseer  
  153  10:32  Overlord  
  144  11:05  Queen  
  144  11:10  Roach, Hydralisk x4  
  144  11:11  Roach x4, Hydralisk  
  160  11:13  Lurker x4  
  160  11:14  Lurker  
  160  11:18  Spire  
  168  11:22  Hydralisk  
  168  11:23  Roach x3, Hydralisk x2  
  168  11:24  Roach  
  168  11:25  Overlord x2  
  182  11:26  Overlord x2  
Show
View Real Time Build Order
Export as new Build Order

HappyProbe Terran 

Build Orders: MMM Bio, Banshee Rush 

Get SALT Encoding   

  12  0:01  SCV  
  13  0:13  SCV  
  14  0:19  Supply Depot  
  14  0:25  SCV  
  15  0:41  SCV  
  15  0:42  Barracks  
  16  0:47  Refinery  
  16  0:53  SCV  
  17  1:05  SCV  
  18  1:17  SCV  
  19  1:31  Orbital Command  
  19  1:38  Barracks Reactor  
  19  1:48  Command Center  
  19  1:53  Refinery  
  19  1:58  SCV  
  20  2:10  SCV  
  20  2:14  Factory  
  21  2:22  Marine x2  
  23  2:23  Bunker  
  23  2:39  Supply Depot  
  23  2:54  Barracks Tech Lab  
  23  2:59  SCV  
  23  3:04  Supply Depot  
  25  3:08  Starport  
  25  3:09  Orbital Command  
  25  3:12  SCV  
  25  3:21  Barracks Tech Lab  
  25  3:22  Hellion x2  
  25  3:25  SCV  
  30  3:37  SCV  
  30  3:40  SCV  
  32  3:43  Supply Depot  
  32  3:47  Hellion  
  32  3:48  Hellion  
  36  3:49  SCV  
  36  3:54  Banshee  
  40  3:59  Cloaking Field  
  40  4:03  Stimpack  
  40  4:04  Marine  
  40  4:06  SCV  
  40  4:09  SCV  
  43  4:21  Widow Mine, SCV x2  
  43  4:22  Widow Mine  
  43  4:23  Marine  
  50  4:28  Barracks  
  50  4:33  Barracks  
  48  4:42  Marine, SCV x2  
  51  4:52  Barracks  
  51  4:53  Barracks  
  51  4:54  SCV  
  51  4:55  Widow Mine x2  
  56  5:00  Medivac  
  58  5:09  Marauder  
  58  5:10  SCV  
  58  5:12  Supply Depot, SCV  
  62  5:20  Barracks Reactor  
  62  5:21  Barracks Reactor  
  62  5:26  Supply Depot  
  62  5:30  Supply Depot  
  62  5:34  SCV x2  
  64  5:35  Medivac  
  64  5:39  Engineering Bay  
  64  5:41  Engineering Bay  
  66  5:46  SCV x2  
  68  5:54  Marauder, Marine x2  
  72  6:03  Marine x2  
  72  6:04  Combat Shields, Marine x2  
  71  6:06  Medivac  
  71  6:10  Terran Infantry Weapons Level 1  
  77  6:13  Refinery  
  77  6:16  Marauder  
  77  6:18  Marine  
  78  6:19  Supply Depot  
  78  6:21  Marine x3  
  78  6:22  Marine  
  78  6:23  Barracks Tech Lab  
  78  6:25  Terran Infantry Armor Level 1  
  82  6:33  SCV x2  
  82  6:36  Marine  
  85  6:43  Marine x3  
  85  6:44  Marauder, Marine x2  
  85  6:46  Missile Turret  
  92  6:51  Supply Depot  
  92  6:54  Marine  
  93  7:04  Marine  
  93  7:07  Command Center  
  94  7:12  Medivac, Marine x4  
  94  7:13  Marauder  
  102  7:17  Concussive Shells  
  102  7:36  Widow Mine  
  100  7:39  Marauder, Marine  
  100  7:42  Marine  
  100  7:43  Marine  
  100  7:44  Marine x2  
  102  7:45  Marauder  
  94  7:56  Marine  
  93  8:00  Medivac, Marauder, Marine  
  93  8:01  Marine x2  
  98  8:06  Marauder  
  98  8:07  Armory  
  100  8:19  Marine x2  
  101  8:20  Marine x2  
  101  8:22  Marauder  
  101  8:26  Supply Depot  
  106  8:28  Marauder  
  106  8:29  Supply Depot  
  107  8:36  Orbital Command  
  107  8:37  Barracks Tech Lab  
  107  8:40  Medivac  
  108  8:43  Marauder  
  108  8:48  Supply Depot  
  110  8:49  Marauder  
  112  8:57  Marine x5  
  112  9:01  Terran Infantry Weapons Level 2  
  117  9:04  Marauder  
  113  9:10  Medivac  
  113  9:12  Marauder  
  113  9:14  Marine  
  113  9:15  Marine  
  91  9:19  Marauder, Marine  
  91  9:20  Marine  
  69  9:26  Marauder  
  69  9:28  Widow Mine  
  66  9:34  Widow Mine  
  66  9:36  Marine x2  
  68  9:40  Medivac  
  56  9:51  Marauder  
  52  9:56  Widow Mine  
  53  10:07  Orbital Command  
  47  10:14  Marauder, Marine  
  50  10:30  Liberator  
  34  11:29  Command Center  
Tags
 
Add a new tag
Caveats
  • Supply blocks, unpowered buildings, or Contaminate may cause inaccurate times.
  • Supply counts are checked every 10 seconds.